TOP OF THE 1ST |
Minnesota Twins batting - Pitching for Boston Red Sox : RHP Justin Stinson
|
Pitching: RHP Justin Stinson
|
|
Batting: RHB J.J. Powers
|
0-0: Called Strike 0-1: SINGLE (Line Drive, 7S, EV 92.5 MPH)
|
Batting: RHB Miguel Diaz
|
0-0: Called Strike 0-1: Ball 1-1: Swinging Strike 1-2: Foul Ball, location: 2F 1-2: Ball J.J. Powers steals 2nd base (no throw) 2-2: Fly out, F5 (Line Drive, 56, EV 60.0 MPH)
|
Batting: RHB Hildo Pot
|
0-0: Ball 1-0: Called Strike 1-1: Ball 2-1: Ball 3-1: Ground out 5-3 (Groundball, 56, EV 86.2 MPH)
|
Batting: RHB Steve Jordan
|
0-0: SINGLE (Line Drive, 6MD, EV 104.4 MPH) J.J. Powers to third Runner from 3rd tries for Home, throw by CF and OUT! 8-2
|
Top of the 1st over - 0 runs, 2 hits, 0 errors, 1 left on base; Minnesota 0 - Boston 0 |
BOTTOM OF THE 1ST |
Boston Red Sox batting - Pitching for Minnesota Twins : LHP Nigel Turner
|
Pitching: LHP Nigel Turner
|
|
Batting: RHB Alois Wollf
|
0-0: Ball 1-0: Swinging Strike 1-1: Ball 2-1: Foul Ball, location: 2F 2-2: Ball 3-2: SINGLE (Line Drive, 8LS, EV 101.2 MPH)
|
Batting: LHB Kevin McCormic Jr.
|
0-0: Ball 1-0: Foul Ball, location: 2F 1-1: Foul Ball, location: 2F 1-2: Grounds into double play, 1-6-3 (Groundball, 13, EV 68.8 MPH)
|
Batting: RHB David Price Jr.
|
0-0: Ground out 5-3 (Groundball, 56, EV 106.9 MPH)
|
Bottom of the 1st over - 0 runs, 1 hit, 0 errors, 0 left on base; Minnesota 0 - Boston 0 |
TOP OF THE 2ND |
Minnesota Twins batting - Pitching for Boston Red Sox : RHP Justin Stinson
|
Batting: RHB Austin Mickelson
|
0-0: Ball 1-0: Ground out 6-3 (Groundball, 56D, EV 82.5 MPH)
|
Batting: SHB Bran Stark
|
0-0: Ball 1-0: Ball 2-0: Swinging Strike 2-1: Foul Ball, location: 2F 2-2: Foul Ball, location: 2F 2-2: Ball 3-2: Strikes out swinging
|
Batting: RHB Jesse Scott
|
0-0: Called Strike 0-1: Ball 1-1: Ball 2-1: Reached on error, E1 (Groundball, 13S, EV 64.4 MPH)
|
Batting: RHB Luis Villanueva
|
0-0: Ball Wild Pitch! Jesse Scott to third 1-0: Called Strike 1-1: Foul Ball, location: 2F 1-2: Ball 2-2: SINGLE (Flyball, 6D, EV 85.0 MPH) Jesse Scott scores
|
Batting: RHB Alex Sandoval
|
0-0: Called Strike 0-1: Swinging Strike 0-2: Ball 1-2: Fielders Choice at 2nd, 6-4 (Groundball, 6, EV 86.2 MPH)
|
Top of the 2nd over - 1 run, 1 hit, 1 error, 1 left on base; Minnesota 1 - Boston 0 |
BOTTOM OF THE 2ND |
Boston Red Sox batting - Pitching for Minnesota Twins : LHP Nigel Turner
|
Batting: RHB Cesar Breceda
|
0-0: SINGLE (Line Drive, 8LS, EV 107.5 MPH)
|
Batting: SHB Marvin Lawrence
|
0-0: Called Strike 0-1: Ball 1-1: Ball 2-1: Grounds into double play, 6-4-3 (Groundball, 6, EV 85.6 MPH)
|
Batting: RHB Nick Esteves
|
0-0: Foul Ball, location: 2F 0-1: Ball 1-1: Ball 2-1: Ball 3-1: Foul Ball, location: 2F 3-2: Strikes out looking
|
Bottom of the 2nd over - 0 runs, 1 hit, 0 errors, 0 left on base; Minnesota 1 - Boston 0 |
TOP OF THE 3RD |
Minnesota Twins batting - Pitching for Boston Red Sox : RHP Justin Stinson
|
Batting: RHB J.J. Powers
|
0-0: Swinging Strike 0-1: Ball 1-1: Ground out 5-3 (Groundball, 56S, EV 83.1 MPH)
|
Batting: RHB Miguel Diaz
|
0-0: Called Strike 0-1: Foul Ball, location: 2F 0-2: Ball 1-2: Ball 2-2: Foul Ball, location: 2F 2-2: SINGLE (Groundball, 6D, EV 94.4 MPH)
|
Batting: RHB Hildo Pot
|
0-0: Ball 1-0: Ball 2-0: SINGLE (Line Drive, 7S, EV 105.0 MPH) Miguel Diaz to second
|
Batting: RHB Steve Jordan
|
0-0: Ball 1-0: Swinging Strike 1-1: Ball 2-1: Foul Ball, location: 2F 2-2: Ball 3-2: Base on Balls Miguel Diaz to third Hildo Pot to second
|
Batting: RHB Austin Mickelson
|
0-0: Grounds into double play, 5-4-3 (Groundball, 56S, EV 85.0 MPH)
|
Top of the 3rd over - 0 runs, 2 hits, 0 errors, 2 left on base; Minnesota 1 - Boston 0 |
BOTTOM OF THE 3RD |
Boston Red Sox batting - Pitching for Minnesota Twins : LHP Nigel Turner
|
Batting: SHB Willie Koviak
|
0-0: Ball 1-0: Foul Ball, location: 2F 1-1: Ball 2-1: SINGLE (Line Drive, 9S, EV 112.5 MPH)
|
Batting: RHB Dan Friess
|
0-0: Called Strike 0-1: Ball 1-1: Foul Ball, location: 2F 1-2: DOUBLE (Line Drive, 78D, EV 102.5 MPH) Willie Koviak to third
|
Batting: RHB Joe Evrard
|
0-0: Ball 1-0: Ball 2-0: Called Strike 2-1: Fly out, F4 (Popup, 3DF, EV 52.5 MPH)
|
Batting: RHB Alois Wollf
|
0-0: Foul Ball, location: 2F 0-1: Ball 1-1: Foul Ball, location: 2F 1-2: Ball 2-2: Foul Ball, location: 2F 2-2: Ball 3-2: Base on Balls
|
Batting: LHB Kevin McCormic Jr.
|
0-0: Swinging Strike 0-1: Foul Ball, location: 2F 0-2: Foul Ball, location: 2F 0-2: Strikes out swinging
|
Batting: RHB David Price Jr.
|
0-0: Foul Ball, location: 2F 0-1: Ball 1-1: Ball 2-1: Foul Ball, location: 2F 2-2: Ball 3-2: Ground out 6-3 (Groundball, 56D, EV 97.5 MPH)
|
Bottom of the 3rd over - 0 runs, 2 hits, 0 errors, 3 left on base; Minnesota 1 - Boston 0 |
TOP OF THE 4TH |
Minnesota Twins batting - Pitching for Boston Red Sox : RHP Justin Stinson
|
Batting: SHB Bran Stark
|
0-0: Swinging Strike 0-1: SINGLE (Groundball, 4MS, EV 72.5 MPH) (infield hit)
|
Batting: RHB Jesse Scott
|
0-0: Ball Bran Stark steals 2nd base 1-0: Fly out, F7 (Flyball, 78M, EV 86.2 MPH)
|
Batting: RHB Luis Villanueva
|
0-0: Ball 1-0: Foul Ball, location: 2F 1-1: Called Strike 1-2: Ball 2-2: Ground out 2-3 (Groundball, 2L, EV 70.6 MPH) Bran Stark to third
|
Batting: RHB Alex Sandoval
|
0-0: Ball 1-0: Ball 2-0: Called Strike 2-1: Ground out 6-3 (Groundball, 6, EV 97.5 MPH)
|
Top of the 4th over - 0 runs, 1 hit, 0 errors, 1 left on base; Minnesota 1 - Boston 0 |
BOTTOM OF THE 4TH |
Boston Red Sox batting - Pitching for Minnesota Twins : LHP Nigel Turner
|
Batting: RHB Cesar Breceda
|
0-0: Called Strike 0-1: Ball 1-1: Ball 2-1: Swinging Strike 2-2: Ground out 6-3 (Groundball, 6M, EV 94.4 MPH)
|
Batting: SHB Marvin Lawrence
|
0-0: Called Strike 0-1: Ball 1-1: Swinging Strike 1-2: Fly out, F7 (Flyball, 7S, EV 83.1 MPH)
|
Batting: RHB Nick Esteves
|
0-0: Ball 1-0: Called Strike 1-1: Ball 2-1: Foul Ball, location: 2F 2-2: Foul Ball, location: 2F 2-2: Ball 3-2: Base on Balls
|
Batting: SHB Willie Koviak
|
0-0: Ball 1-0: Fielders Choice at 2nd, U4 (Groundball, 4M, EV 93.8 MPH)
|
Bottom of the 4th over - 0 runs, 0 hits, 0 errors, 1 left on base; Minnesota 1 - Boston 0 |
TOP OF THE 5TH |
Minnesota Twins batting - Pitching for Boston Red Sox : RHP Justin Stinson
|
Batting: RHB J.J. Powers
|
0-0: Ball 1-0: Swinging Strike 1-1: Foul Ball, location: 2F 1-2: Ball 2-2: Ball 3-2: Foul Ball, location: 2F 3-2: Ground out 6-3 (Groundball, 6, EV 100.6 MPH)
|
Batting: RHB Miguel Diaz
|
0-0: Fly out, F8 (Flyball, 8RD, EV 96.2 MPH)
|
Batting: RHB Hildo Pot
|
0-0: Ball 1-0: Ball 2-0: Ball 3-0: Base on Balls
|
Batting: RHB Steve Jordan
|
0-0: Called Strike 0-1: Ball 1-1: Foul Ball, location: 2F 1-2: Strikes out swinging
|
Top of the 5th over - 0 runs, 0 hits, 0 errors, 1 left on base; Minnesota 1 - Boston 0 |
BOTTOM OF THE 5TH |
Boston Red Sox batting - Pitching for Minnesota Twins : LHP Nigel Turner
|
Batting: RHB Dan Friess
|
0-0: Ball 1-0: Called Strike 1-1: Swinging Strike 1-2: Foul Ball, location: 2F 1-2: Foul Ball, location: 2F 1-2: Strikes out swinging
|
Batting: RHB Joe Evrard
|
0-0: Ball 1-0: Ground out 6-3 (Groundball, 6, EV 105.6 MPH)
|
Batting: RHB Alois Wollf
|
0-0: Ball 1-0: Swinging Strike 1-1: SINGLE (Flyball, 4MD, EV 90.6 MPH)
|
Batting: LHB Kevin McCormic Jr.
|
0-0: Ball 1-0: Called Strike 1-1: Fly out, F7 (Flyball, 7D, EV 86.9 MPH)
|
Bottom of the 5th over - 0 runs, 1 hit, 0 errors, 1 left on base; Minnesota 1 - Boston 0 |
TOP OF THE 6TH |
Minnesota Twins batting - Pitching for Boston Red Sox : RHP Justin Stinson
|
Batting: RHB Austin Mickelson
|
0-0: Foul Ball, location: 2F 0-1: DOUBLE (Line Drive, 8LXD, EV 104.4 MPH)
|
Batting: SHB Bran Stark
|
0-0: Called Strike 0-1: Foul Ball, location: 2F 0-2: Ball 1-2: Strikes out looking
|
Pitching: LHP Danny Schneible
|
|
Batting: RHB Jesse Scott
|
0-0: Foul Ball, location: 2F 0-1: Foul Ball, location: 2F 0-2: SINGLE (Line Drive, 78S, EV 89.4 MPH) Austin Mickelson to third
|
Batting: RHB Luis Villanueva
|
0-0: Foul Ball, location: 2F 0-1: Foul Ball, location: 2F 0-2: Ball 1-2: Foul Ball, location: 2F 1-2: Strikes out swinging
|
Batting: RHB Alex Sandoval
|
0-0: Ball 1-0: Ball 2-0: Called Strike 2-1: Called Strike 2-2: Ball 3-2: Base on Balls Jesse Scott to second
|
Batting: RHB J.J. Powers
|
0-0: Called Strike 0-1: Fielders Choice at 2nd, 4-6 (Groundball, 4MD, EV 90.6 MPH)
|
Top of the 6th over - 0 runs, 2 hits, 0 errors, 3 left on base; Minnesota 1 - Boston 0 |
BOTTOM OF THE 6TH |
Boston Red Sox batting - Pitching for Minnesota Twins : LHP Nigel Turner
|
Batting: RHB David Price Jr.
|
0-0: Swinging Strike 0-1: Ball 1-1: Swinging Strike 1-2: Ball 2-2: Foul Ball, location: 2F 2-2: Ball 3-2: Foul Ball, location: 2F 3-2: Fly out, F4 (Popup, 34D, EV 69.4 MPH)
|
Batting: RHB Cesar Breceda
|
0-0: Called Strike 0-1: Called Strike 0-2: Foul Ball, location: 2F 0-2: Strikes out looking
|
Batting: SHB Marvin Lawrence
|
0-0: Called Strike 0-1: Called Strike 0-2: Ground out U3 (Groundball, 13, EV 81.9 MPH)
|
Bottom of the 6th over - 0 runs, 0 hits, 0 errors, 0 left on base; Minnesota 1 - Boston 0 |
TOP OF THE 7TH |
Minnesota Twins batting - Pitching for Boston Red Sox : LHP Danny Schneible
|
Pitching: RHP Jim Whiteman
|
|
Batting: RHB Miguel Diaz
|
0-0: Ball 1-0: Foul Ball, location: 2F 1-1: Foul Ball, location: 2F 1-2: Ball 2-2: Foul Ball, location: 2F 2-2: Fly out, F9 (Flyball, 9, EV 96.2 MPH)
|
Batting: RHB Hildo Pot
|
0-0: Swinging Strike 0-1: Foul Ball, location: 2F 0-2: Foul Ball, location: 2F 0-2: SOLO HOME RUN (Flyball, 8LXD, EV 105.0 MPH), Distance : 410 ft
|
Batting: RHB Steve Jordan
|
0-0: Ball 1-0: SINGLE (Line Drive, 78S, EV 106.9 MPH)
|
Batting: RHB Austin Mickelson
|
0-0: Called Strike Steve Jordan steals 2nd, throwing error, E2 Steve Jordan to third 0-1: Foul Ball, location: 2F 0-2: Ball 1-2: Ball 2-2: Ball 3-2: Base on Balls
|
Batting: SHB Bran Stark
|
0-0: Grounds into double play, 6-4-3 (Groundball, 56, EV 100.6 MPH)
|
Top of the 7th over - 1 run, 2 hits, 1 error, 1 left on base; Minnesota 2 - Boston 0 |
BOTTOM OF THE 7TH |
Boston Red Sox batting - Pitching for Minnesota Twins : LHP Nigel Turner
|
Pitching: RHP Borisz Barciniak
|
|
Batting: RHB Nick Esteves
|
0-0: Ball 1-0: Foul Ball, location: 2F 1-1: Ground out 5-3 (Groundball, 56, EV 105.0 MPH)
|
Batting: SHB Willie Koviak
|
0-0: Ball 1-0: Ball 2-0: Ball 3-0: Base on Balls
|
Batting: RHB Dan Friess
|
0-0: Ball 1-0: Called Strike 1-1: Foul Ball, location: 2F 1-2: Foul Ball, location: 2F 1-2: Ball 2-2: Reached on error, E3 (Groundball, 34, EV 79.4 MPH) Willie Koviak to second
|
Batting: RHB Joe Evrard
|
0-0: Grounds into double play, 6-4-3 (Groundball, 6MD, EV 93.8 MPH)
|
Bottom of the 7th over - 0 runs, 0 hits, 1 error, 1 left on base; Minnesota 2 - Boston 0 |
TOP OF THE 8TH |
Minnesota Twins batting - Pitching for Boston Red Sox : RHP Jim Whiteman
|
Batting: RHB Jesse Scott
|
0-0: Swinging Strike 0-1: Ball 1-1: Called Strike 1-2: Strikes out swinging
|
Batting: RHB Luis Villanueva
|
0-0: Called Strike 0-1: Ground out 6-3 (Groundball, 6, EV 86.2 MPH)
|
Batting: RHB Alex Sandoval
|
0-0: Ball 1-0: Called Strike 1-1: Fly out, F9 (Flyball, 9D, EV 101.9 MPH)
|
Top of the 8th over - 0 runs, 0 hits, 0 errors, 0 left on base; Minnesota 2 - Boston 0 |
BOTTOM OF THE 8TH |
Boston Red Sox batting - Pitching for Minnesota Twins : RHP Borisz Barciniak
|
Pitching: RHP Mark Case
|
|
Batting: RHB Alois Wollf
|
0-0: Ball 1-0: Ball 2-0: Called Strike 2-1: Called Strike 2-2: Ball 3-2: Foul Ball, location: 2F 3-2: Strikes out swinging, 2-3 out at first.
|
Batting: LHB Kevin McCormic Jr.
|
0-0: Foul Ball, location: 2F 0-1: Ball 1-1: Fly out, F8 (Flyball, 8LD, EV 92.5 MPH)
|
Batting: RHB David Price Jr.
|
0-0: Called Strike 0-1: TRIPLE (Flyball, 8RXD, EV 101.9 MPH)
|
Batting: RHB Cesar Breceda
|
0-0: Called Strike 0-1: Swinging Strike 0-2: Ball 1-2: Ball 2-2: Foul Ball, location: 2F 2-2: Fly out, F8 (Flyball, 8LM, EV 86.9 MPH)
|
Bottom of the 8th over - 0 runs, 1 hit, 0 errors, 1 left on base; Minnesota 2 - Boston 0 |
TOP OF THE 9TH |
Minnesota Twins batting - Pitching for Boston Red Sox : RHP Jim Whiteman
|
Pitching: RHP Guadalupe Vasguez
|
|
Batting: RHB J.J. Powers
|
0-0: Fly out, F8 (Flyball, 8LS, EV 87.5 MPH)
|
Batting: RHB Miguel Diaz
|
0-0: Ball 1-0: Called Strike 1-1: Ball 2-1: Ball 3-1: Foul Ball, location: 2F 3-2: Foul Ball, location: 2F 3-2: Ground out 6-3 (Groundball, 6D, EV 108.8 MPH)
|
Batting: RHB Hildo Pot
|
0-0: Called Strike 0-1: Ball 1-1: SINGLE (Flyball, 3D, EV 95.6 MPH)
|
Batting: RHB Steve Jordan
|
0-0: Ball 1-0: Ball 2-0: SINGLE (Flyball, 34D, EV 80.6 MPH) Hildo Pot to second Runner from 2nd tries for 3rd, SAFE, throw by RF made to third
|
Batting: RHB Austin Mickelson
|
0-0: Foul Ball, location: 2F 0-1: Foul Ball, location: 2F 0-2: Strikes out swinging
|
Top of the 9th over - 0 runs, 2 hits, 0 errors, 2 left on base; Minnesota 2 - Boston 0 |
BOTTOM OF THE 9TH |
Boston Red Sox batting - Pitching for Minnesota Twins : RHP Mark Case
|
Batting: SHB Marvin Lawrence
|
0-0: Ball 1-0: Called Strike 1-1: Ball 2-1: Ball 3-1: Called Strike 3-2: Foul Ball, location: 2F 3-2: Foul Ball, location: 2F 3-2: Strikes out swinging
|
Pinch Hitting: LHB Bob Branham
|
0-0: Swinging Strike 0-1: Called Strike 0-2: Ball 1-2: Ball 2-2: Fly out, F5 (Popup, 6S, EV 79.4 MPH)
|
Batting: SHB Willie Koviak
|
0-0: Called Strike 0-1: Fly out, F3 (Popup, 3SF, EV 83.1 MPH)
|
Bottom of the 9th over - 0 runs, 0 hits, 0 errors, 0 left on base; Minnesota 2 - Boston 0 |
|